AoeStats
← Santi Povs

Arena

509758482Analyzed
2v2 RM · 4d ago on Sep 27, 2026· 38m 46s· 4 players
Game mode
Random Map
Map size
Medium (4 player)
Population
200
Speed
Normal
Resources
Standard
Victory
Conquest
Starting age
Dark Age
Ending age
Imperial Age
RankedLock teamsTeams togetherTeam positionsShared explorationLock speedFull tech treeHidden civsTurbo modeCheats
Victory
Defeat
🇺🇸 Varangians · United States
987
+16
🇦🇷 Saxons · Argentina
954
+17
🇨🇴 Celts · Colombia
983
-17
🇨🇴 Poles · Colombia
976
-16
2Rock
10:30 Feudal Age
14:59 Castle Age
12:56 Double-Bit Axe
13:43 Horse Collar
13:57 Stone Mining
18:32 Wheelbarrow
22:26 Loom
24:36 Gold Mining
24:45 Town Watch
25:48 Forging
26:46 Stone Shaft Mining
27:07 Iron Casting
27:12 Heavy Plow
27:26 Bow Saw
27:26 Scale Barding Armor
27:46 Squires
30:05 Bloodlines
29:56 Husbandry
36:08 Imperial Age
33:54 Hand Cart
33:40 Town Patrol
36:32 Elite Jarl
37:33 Conscription
37:19 Fletching
37:55 Vendel Legacy
39:14 Fervor
39:37 Chain Barding Armor
[ESTG] Daupoch
10:47 Feudal Age
11:16 Loom
14:46 Castle Age
13:44 Double-Bit Axe
13:40 Horse Collar
15:54 Bow Saw
16:57 Scale Mail Armor
20:11 Gambesons
21:10 Heavy Plow
23:16 Arson
26:46 Wheelbarrow
31:04 Imperial Age
28:53 Squires
29:47 Chain Mail Armor
30:09 Gold Mining
31:41 Fortified Wall
31:44 Masonry
31:15 Treadmill Crane
34:46 Plate Mail Armor
34:55 Hand Cart
36:57 Two-Man Saw
37:16 Gold Shaft Mining
38:15 Elite Varangian Guard
GozaComoDuran
11:51 Feudal Age
15:47 Castle Age
14:30 Double-Bit Axe
14:37 Horse Collar
18:18 Heavy Plow
19:10 Loom
20:00 Scale Mail Armor
28:49 Wheelbarrow
31:35 Forging
32:20 Chain Mail Armor
33:29 Ballistics
33:51 Iron Casting
35:17 Hand Cart
35:40 Gold Mining
35:43 Stone Mining
39:16 Imperial Age
37:50 Treadmill Crane
Santi Povs
10:38 Feudal Age
14:54 Castle Age
13:33 Double-Bit Axe
21:08 Bow Saw
22:03 Horse Collar
29:11 Imperial Age
26:27 Loom
26:28 Town Watch
27:50 Wheelbarrow
27:13 Pikeman
29:29 Forging
29:19 Scale Mail Armor
30:08 Town Patrol
30:26 Man-at-Arms
30:51 Gambesons
32:50 Iron Casting
Connection lost

Rejoining the realm…

Still unreachable

The connection could not be restored.

Session expired

The server has moved on; the page needs a fresh start.